 Seeded DCSS version 0.30.1-9-gdf580d7c3d (webtiles) character file.

Game seed: 7229806256980976716 (custom seed)

29794 Psyclone the Nimble (level 13, -1/92 HPs)
             Began as an Octopode Conjurer on Sept 28, 2023.
             Was an Initiate of Gozag.
             Slain by a large slime creature (34 damage)
             ... on level 12 of the Dungeon.
             The game lasted 00:53:49 (15819 turns).

Psyclone the Nimble (Octopode Conjurer)            Turns: 15819, Time: 00:53:50

Health: -1/92      AC:  1    Str:  7    XL:     13   Next: 47%
Magic:  15/27      EV: 16    Int: 24    God:    Gozag
Gold:   538        SH:  4    Dex: 11    Spells: 3/32 levels left

rFire   + . .        J - staff of fire
rCold   . . .        L - +0 buckler
rNeg    + + .        (helmet restricted)
rPois   .            (no amulet)
rElec   +            c - ring of the Mage {Wiz Archmagi}
rCorr   +            d - ring "Mymuv" {rElec rN+ rCorr SInv}
SInv    +            I - ring of positive energy
Will    .....        (no ring)
Stlth   +++          (no ring)
HPRegen 0.35/turn    (no ring)
MPRegen 0.20/turn    (no ring)
                     (no ring)

%: wizardry (x1), archmagi
@: studying Hexes
A: almost no armour, amphibious, 8 rings, camouflage 1, gelatinous body 1,
(nimble swimmer 1), tentacles
a: Renounce Religion, Potion Petition, Call Merchant, Bribe Branch


You were on level 12 of the Dungeon.
You worshipped Gozag.
Gozag was pleased with you.
You visited 1 branch of the dungeon, and saw 12 of its levels.
You also visited: Ossuary and Bailey.

You collected 1893 gold pieces.
You spent 1120 gold pieces at shops.
You paid 235 gold pieces to Gozag.

Inventory:

Hand Weapons
 o - a +1 morningstar of holy wrath
Missiles
 j - 2 throwing nets {!f}
Armour
 L - a +0 buckler (worn)
Magical Staves
 J - a staff of fire (weapon)
Jewellery
 c - the ring of the Mage (left tentacle) {Wiz Archmagi}
   (You acquired it on level 1 of the Dungeon)

   [ring of wizardry]

   It improves your spell success rate.
   Archmagi:  It increases the power of your magical spells.
 d - the ring "Mymuv" (right tentacle) {rElec rN+ rCorr SInv}
   (You acquired it on level 1 of the Dungeon)

   [ring of resist corrosion]

   rElec:     It insulates you from electricity.
   rN:        It protects you from negative energy.
   SInv:      It lets you see invisible.
   rCorr:     It protects you from acid and corrosion.
 I - a ring of positive energy (on tentacle)
Wands
 O - a wand of charming (27)
 R - a wand of digging (3)
Scrolls
 b - 3 scrolls of amnesia {unknown}
 e - 2 scrolls of teleportation
 g - 2 scrolls of enchant armour {unknown}
 i - 2 scrolls of blinking
 k - 7 scrolls of identify {@r1}
 p - 3 scrolls of poison {unknown}
 t - 3 scrolls of silence {unknown}
 v - a scroll of butterflies {unknown}
 y - 2 scrolls of fog {unknown}
 z - 7 scrolls of vulnerability {unknown}
 B - 3 scrolls of magic mapping
 C - 3 scrolls of brand weapon {unknown}
 F - 2 scrolls of torment
 G - 6 scrolls of immolation
 H - 3 scrolls of enchant weapon
 N - a scroll of fear
 Q - a scroll of noise
Potions
 a - a potion of magic
 f - 5 potions of might {unknown}
 h - 5 potions of mutation {unknown}
 l - 9 potions of curing
 m - 4 potions of brilliance {unknown}
 n - 2 potions of invisibility {unknown}
 q - 2 potions of cancellation {unknown}
 r - 5 potions of heal wounds
 s - 4 potions of flight {unknown}
 u - a potion of berserk rage {unknown}
 x - a potion of ambrosia {unknown}
 D - 4 potions of lignification {unknown}
 E - 2 potions of haste {unknown}
 M - a potion of resistance


   Skills:
 - Level 10.0 Fighting
 - Level 10.0 Dodging
 - Level 2.6 Stealth
 - Level 3.9 Shields
 - Level 10.0 Spellcasting
 - Level 8.4 Conjurations
 * Level 8.3 Hexes
 - Level 6.0 Transmutations
 - Level 6.0 Fire Magic
 - Level 3.0 Air Magic
 - Level 6.0 Poison Magic


You had 3 spell levels left.
You knew the following spells:

 Your Spells              Type           Power      Damage    Failure   Level
a - Magic Dart            Conj           100%       1d8       1%          1
b - Searing Ray           Conj           100%       2d8       1%          2
c - Mephitic Cloud        Conj/Pois/Air  56%        N/A       1%          3
d - Fulminant Prism       Conj/Hex       34%        3d15      1%          4
e - Inner Flame           Hex/Fire       81%        N/A       1%          3
f - Sticky Flame          Conj/Fire      81%        2d9       1%          4
r - Swiftness             Air            39%        N/A       2%          3
s - Ignite Poison         Fire/Tmut/Pois 75%        N/A       1%          3
v - Poisonous Vapours     Pois/Air       100%       N/A       1%          2
x - Olgreb's Toxic Radia  Pois           57%        N/A       2%          4

Your spell library contained the following spells:

 Spells                   Type           Power      Damage    Failure   Level
 Kiss of Death            Conj/Necr      100%       2d13      1%          1
 Cigotuvi's Dreadful Rot  Necr/Pois/Air  78%        N/A       1%          2
 Ensorcelled Hibernation  Hex/Ice        94%        N/A       1%          2
 Passwall                 Tmut/Erth      32%        N/A       1%          2
 Confusing Touch          Hex            67%        N/A       1%          3
 Dazzling Flash           Conj/Hex       100%       N/A       1%          3
 Ozocubu's Armour         Ice            18%        N/A       10%         3
 Flame Wave               Conj/Fire      81%        2d18      1%          4
 Iskenderun's Mystic Bla  Conj/Tloc      48%        2d11      6%          4
 Ice Form                 Ice/Tmut       39%        N/A       10%         4
 Petrify                  Tmut/Erth      39%        N/A       10%         4
 Metabolic Englaciation   Hex/Ice        23%        N/A       16%         5
 Freezing Cloud           Conj/Ice/Air   22%        6-21      19%         5
 Dispel Undead            Necr           18%        3d11      32%         4
 Eringya's Noxious Bog    Tmut/Pois      28%        N/A       38%         6
 Statue Form              Tmut/Erth      26%        N/A       78%         6
 Death Channel            Necr           9%         N/A       99%         6


Dungeon Overview and Level Annotations

Branches:
Dungeon (12/15) Zot: 26649  Temple (0/1) D:4            Lair (0/5) D:11
Ossuary (visited)          Bailey (visited)
    Orc: D:9-12

Altars:
Elyvilon
Gozag
Qazlal
Trog
Zin
The Shining One

Shops:
D:6 :   D:10 :

Annotations:
D:3 3 runed translucent doors, Gatsu's ghost, amateur HOFi


Innate Abilities, Weirdness & Mutations

You cannot wear most types of armour.
You are amphibious.
You can wear up to eight rings at the same time.
Your skin changes colour to match your surroundings (Stealth+).
Your rubbery body absorbs attacks. (AC +1, EV +1)
((You are camouflaged when in or above water. (Stealth+)))
You have tentacles for arms and can constrict up to eight enemies at once.


Message History

The searing ray hits the very large slime creature.
The very large slime creature is almost dead.
A very large slime creature splits.
You now have 0/27 mp.
Magic courses through your body.
The large slime creature closely misses you.
The slime creature is distracted by your dazzling golden aura.
You regained 20 mp, and now have 20/27 mp.
Casting: Searing Ray (safe; 1% risk of failure)
Confirm with . or Enter, or press ? or * to list all spells.
Aiming: Fulminant Prism (mildly dangerous; 1% risk of failure)
Press: ? - help, Dir - move target, p - large slime creature
Okay, then.
Casting: Fulminant Prism (mildly dangerous; 1% risk of failure)
Confirm with . or Enter, or press ? or * to list all spells.
Aiming: Fulminant Prism (mildly dangerous; 1% risk of failure)
Press: ? - help, Dir - move target, p - large slime creature You feel a surge of power!
You conjure a prism of explosive energy!
A fulminant prism comes into view.
You carefully extract the barbed spikes from your body.
The large slime creature hits you!!
* * * LOW HITPOINT WARNING * * *
You take 22 damage, and have 11/92 hp.
MASSIVE DAMAGE!!
You now have 16/27 mp.
It was a potion of heal wounds.
You feel much better. The large slime creature hits you.
Your fulminant prism crackles loudly.
You regained 22 hp, and now have 33/92 hp.
Casting: Fulminant Prism (mildly dangerous; 1% risk of failure)
Confirm with . or Enter, or press ? or * to list all spells.
Aiming: Searing Ray (safe; 1% risk of failure)
Press: ? - help, Shift-Dir - straight line, f - large slime creature
Aim: a large slime creature (almost dead, 96% to hit)
You feel a surge of power!
The searing ray hits the large slime creature!
The large slime creature is almost dead. (Press . to maintain the ray.)
The large slime creature hits you!!
You die...
Your body crumbles into a pile of gold.

#+##### #..)......#
......$ #.........#
......$ #.........#
.....☼°####.........#
....$.○'.##.........#
......J#.##*......!.#
.......#..#.........#
.......##.JJ........#
.###### ###@........#
#.........#
###########


You could see a large slime creature, a slime creature (ally target) and a
friendly fulminant prism.

Vanquished Creatures
  An orc warlord (Bailey)
  Erolcha (D:11)
  A boulder beetle (D:11)
  A centaur warrior (D:12)
  4 two-headed ogres
  Lodul (D:11)
  An orc knight (Bailey)
  An ugly thing (D:12)
  A manticore (D:12)
  Maurice (D:11)
  2 gargoyles (D:10)
  A komodo dragon (D:10)
  2 trolls
  2 slime creatures (D:12)
  3 shadows
  2 vampires
  8 spriggans (D:10)
  A wraith (D:10)
  29 yaks
  4 wyverns
  8 vampire mosquitoes
  2 acid dragons (D:10)
  2 water moccasins (D:8)
  20 orc warriors
  3 black bears
  2 ice beasts
  A sky beast (D:6)
  2 hornet zombies (Ossuary)
  8 ogres
  3 centaurs
  2 kobold brigands
  6 bullfrogs
  A gnoll sergeant (D:7)
  6 scorpions
  2 wyvern zombies (Ossuary)
  2 water moccasin zombies (Ossuary)
  7 wights
  12 killer bees
  A howler monkey (D:6)
  5 electric eels (D:6)
  2 centaur zombies (Ossuary)
  3 bullfrog zombies (Ossuary)
  A gnoll bouda (D:6)
  2 jellies
  9 orc priests
  3 hounds
  An iguana (D:6)
  2 sleepcaps
  7 orc wizards
  3 killer bee zombies (Ossuary)
  16 mummies
  2 howler monkey zombies (Ossuary)
  14 gnolls
  9 adders
  2 shadow imps
  2 white imps (D:8)
  2 ufetubi
  3 worms
  40 orcs
  4 endoplasms
  6 giant cockroaches
  16 goblins
  15 hobgoblins
  20 jackals
  10 kobolds
  4 quokkas
  6 ball pythons
  5 bats
  A frilled lizard (D:1)
  A goblin zombie (D:4)
  An orc zombie (D:4)
  4 rats
378 creatures vanquished.

Vanquished Creatures (others)
  5 fulminant prisms
5 creatures vanquished.

Grand Total: 383 creatures vanquished

Notes
Turn   | Place    | Note
-------+----------+-------------------------------------------
     0 | D:1      | Psyclone the Octopode Conjurer began the quest for the Orb.
     0 | D:1      | Reached XP level 1. HP: 11/11 MP: 3/3
    57 | D:1      | Identified 3 scrolls of acquirement
    57 | D:1      | Acquired Wiyr Moe's Elucidation of Cankerous Chilblains
    62 | D:1      | Acquired the ring "Mymuv" {rElec rN+ rCorr SInv}
    63 | D:1      | Acquired the ring of the Mage {Wiz Archmagi}
    63 | D:1      | Found the ring of the Mage {Wiz Archmagi}
   238 | D:1      | Reached XP level 2. HP: 17/17 MP: 0/5
   265 | D:1      | Learned a level 2 spell: Searing Ray
   749 | D:1      | Reached XP level 3. HP: 21/21 MP: 4/6
  1517 | D:2      | Reached XP level 4. HP: 27/27 MP: 2/8
  1878 | D:2      | Reached skill level 5 in Conjurations
  1952 | D:2      | Learned a level 2 spell: Poisonous Vapours
  2105 | D:2      | Reached XP level 5. HP: 31/31 MP: 5/10
  2370 | D:3      | Found a runed translucent gate.
  2370 | D:3      | Found a runed translucent gate.
  2370 | D:3      | Found a runed translucent gate.
  2420 | D:3      | Noticed Gatsu's ghost (amateur HOFi)
  2470 | D:3      | Found a glowing silver altar of Zin.
  3046 | D:4      | Found a white marble altar of Elyvilon.
  3101 | D:4      | Reached XP level 6. HP: 22/36 MP: 3/12
  3231 | D:4      | Found a staircase to the Ecumenical Temple.
  3246 | D:4      | Found a stormy altar of Qazlal.
  3459 | D:4      | Found a sand-covered staircase.
  3510 | Ossuary  | Entered an ossuary
  3701 | Ossuary  | Reached XP level 7. HP: 41/41 MP: 1/14
  3788 | Ossuary  | Reached skill level 5 in Spellcasting
  4178 | Ossuary  | Reached XP level 8. HP: 41/46 MP: 8/16
  5138 | D:4      | Found a glowing golden altar of the Shining One.
  5414 | D:5      | Entered Level 5 of the Dungeon
  6147 | D:6      | Reached skill level 1 in Poison Magic
  6299 | D:6      | Found Xixtot's Book Boutique.
  6555 | D:6      | Reached XP level 9. HP: 31/51 MP: 11/19
  6710 | D:6      | Learned a level 4 spell: Fulminant Prism
  6715 | D:6      | Learned a level 4 spell: Olgreb's Toxic Radiance
  6719 | D:6      | Learned a level 3 spell: Ignite Poison
  6723 | D:6      | Learned a level 3 spell: Mephitic Cloud
  6859 | D:6      | Reached skill level 5 in Poison Magic
  7154 | D:6      | Reached skill level 1 in Fighting
  7154 | D:6      | Reached skill level 1 in Transmutations
  7154 | D:6      | Reached skill level 1 in Fire Magic
  7851 | D:7      | Identified the +8 trident "Idaugra" {freeze, Stlth+}
  7881 | D:7      | Reached skill level 1 in Air Magic
  8182 | D:7      | Found a flagged portal.
  8337 | Bailey   | Entered a bailey
  8411 | Bailey   | Reached XP level 10. HP: 38/63 MP: 13/20
  8807 | Bailey   | Noticed an orc warlord
  8808 | Bailey   | Noticed an orc knight
  8815 | Bailey   | Killed an orc warlord
  8815 | Bailey   | Killed an orc knight
  8816 | Bailey   | Reached skill level 5 in Dodging
  8955 | Bailey   | Reached XP level 11. HP: 75/75 MP: 21/21
  9391 | D:7      | Reached skill level 5 in Transmutations
  9669 | D:8      | Reached skill level 5 in Fire Magic
 11295 | D:9      | Noticed a two-headed ogre
 11298 | D:9      | Killed a two-headed ogre
 11299 | D:9      | Reached XP level 12. HP: 82/82 MP: 6/22
 11550 | D:9      | Found a bloodstained altar of Trog.
 11721 | D:9      | Identified the +7 battleaxe of Sustre {heavy, Str+5}
 12031 | D:10     | Entered Level 10 of the Dungeon
 12032 | D:10     | Found Ycypaut's Book Shoppe.
 12883 | D:10     | Noticed a two-headed ogre
 12888 | D:10     | Killed a two-headed ogre
 12891 | D:10     | Found an opulent altar of Gozag.
 12899 | D:10     | Became a worshipper of Gozag Ym Sagoz the Greedy
 13112 | D:10     | Reached skill level 10 in Dodging
 13287 | D:10     | Reached skill level 10 in Fighting
 13961 | D:10     | Learned a level 3 spell: Inner Flame
 13966 | D:10     | Learned a level 4 spell: Sticky Flame
 14411 | D:11     | Noticed Lodul
 14416 | D:11     | Killed Lodul
 14417 | D:11     | Reached XP level 13. HP: 92/92 MP: 13/25
 14689 | D:6      | Bought a manual of Hexes for 1120 gold pieces
 14858 | D:11     | Found a staircase to the Lair.
 14980 | D:11     | Noticed Maurice
 14982 | D:11     | Killed Maurice
 15129 | D:11     | Learned a level 3 spell: Swiftness
 15140 | D:11     | Noticed Erolcha
 15143 | D:11     | Killed Erolcha
 15391 | D:11     | Reached skill level 5 in Hexes
 15812 | D:12     | Reached skill level 10 in Spellcasting
 15819 | D:12     | Slain by a large slime creature

Illustrated notes

Levels and vault maps discovered:
D:1:      spicycebolla_arrival_ecumenical, layout_loops_ring
D:2:      layout_basic
D:3:      layout_rooms, mainiacjoe_overflow_paths, gammafunk_ghost_necromancy
D:4:      layout_rooms, tso_metal_star, mainiacjoe_overflow_catwalk,
          elyvilon_altar_5, minmay_temple_entry_stoned_glass,
          nicolae_ossuary_entry_giza, minmay_misc_feat_square, minivault_4
D:5:      layout_basic
D:6:      kennysheep_six_static_rooms, layout_basic, serial_shops,
          nicolae_shop_stone, serial_bayou_lagoon_b
D:7:      layout_basic, enter_bailey_2
D:8:      minmay_recursive_quarters, layout_layer_cave
D:9:      layout_gridville, trog_book
D:10:     kb_forest_paths, layout_basic,
          nicolae_gozag_cash_rules_everything_around_me, serial_shops, shop,
          minmay_tree_intersection, kennysheep_path_1
D:11:     layout_loops_ring, grunt_lair_entry_orc_guard_hut, uniq_lodul,
          uniq_erolcha, uniq_maurice
D:12:     layout_roguey, erik_orc_3, nicolae_trove_entry_diagonal,
          okawaru_humans

Skill      XL: |  1  2  3  4  5  6  7  8  9 10 11 12 13 |
---------------+----------------------------------------+-----
Spellcasting   | 3 4 5 7 8 10 | 10.0
Conjurations   | 5 6 7 8 |  8.4
Poison Magic   | 4 6 |  6.0
Fighting       | 3 7 8 10 | 10.0
Transmutations | 3 4 5 6 |  6.0
Fire Magic     | 3 4 5 6 |  6.0
Dodging        | 3 8 10 | 10.0
Air Magic      | 2 3 |  3.0
Shields        | 3 |  3.9
Hexes          | 8 |  8.3
Stealth        | |  2.6

Action                     |  1- 3 |  4- 6 |  7- 9 | 10-12 | 13-15 || total
---------------------------+-------+-------+-------+-------+-------++-------
  Melee: Unarmed           |    20 |       |       |       |       ||    20
         Tentacles         |     7 |     1 |     4 |    18 |     3 ||    33
         Constrict         |     4 |     2 |     4 |    11 |     2 ||    23
         Punch             |     1 |       |       |       |       ||     1
         Morningstar       |       |     6 |    15 |    25 |       ||    46
         Staff             |       |       |       |    31 |     8 ||    39
   Cast: Magic Dart        |    58 |    86 |    66 |     7 |       ||   217
         Searing Ray       |     1 |    16 |    56 |    13 |     2 ||    88
         Poisonous Vapours |       |       |    21 |    20 |     9 ||    50
         Ignite Poison     |       |       |    13 |    56 |    16 ||    85
         Olgreb's Toxic Ra |       |       |     5 |    39 |    10 ||    54
         Mephitic Cloud    |       |       |     2 |    18 |     2 ||    22
         Fulminant Prism   |       |       |       |     4 |     2 ||     6
         Sticky Flame      |       |       |       |       |     2 ||     2
         Inner Flame       |       |       |       |       |     1 ||     1
    Use: Scroll            |     3 |       |     4 |     4 |     3 ||    14
         Potion            |       |       |       |     2 |     2 ||     4
   Stab: Sleeping          |       |       |       |     1 |       ||     1
 Armour: Skin              |     7 |     2 |     3 |     5 |       ||    17
  Dodge: Dodged            |    18 |     9 |    68 |    91 |    16 ||   202
  Block: Buckler           |       |       |       |    13 |     5 ||    18
